 Dungeon Crawl Stone Soup version 0.27-a0-906-g0a00ce863d (webtiles) character file.

Game seed: 11259928936111542778

1227 spiderkeys the Stinger (level 8, 0/50 HPs)
             Began as an Octopode Venom Mage on Apr 6, 2021.
             Was an Initiate of Gozag.
             Succumbed to a water moccasin's poison
             ... on level 7 of the Dungeon.
             The game lasted 00:18:59 (7779 turns).

spiderkeys the Stinger (Octopode Venom Mage)        Turns: 7779, Time: 00:19:00

Health: 0/50       AC:  1    Str:  7    XL:     8   Next: 48%
Magic:  11/12      EV: 18    Int: 25    God:    Gozag
Gold:   97         SH:  8    Dex: 13    Spells: 2/12 levels left

rFire    . . .     SeeInvis .   n - +2 dagger (venom)
rCold    . . .     Faith    .   a - +3 buckler {reflect}
rNeg     . . .     Spirit   .   (helmet currently unavailable)
rPois    .         Reflect  +   (no amulet)
rElec    .         Harm     .   f - +4 ring of evasion
rCorr    .         Rampage  .   k - +6 ring of intelligence
Will     .....                  (no ring)
Stlth    ++++......             (no ring)
HPRegen  0.16/turn              (no ring)
MPRegen  0.13/turn              (no ring)
                                (no ring)
                                (no ring)

@: lethally poisoned (0 -> -6), appendages, gold aura, flying
A: tentacle spike 3, almost no armour, amphibious, 8 rings, camouflage 1,
gelatinous body 1, (nimble swimmer 1), tentacles
a: End Transformation, Renounce Religion, Potion Petition, Call Merchant, Bribe
Branch


You were on level 7 of the Dungeon.
You worshipped Gozag.
Gozag was noncommittal.
One of your tentacles had grown a beastly spike.
You visited 1 branch of the dungeon, and saw 7 of its levels.

You collected 293 gold pieces.
You spent 112 gold pieces at shops.
You paid 84 gold pieces to Gozag.

Inventory:

Hand Weapons
 n - a +2 dagger of venom (weapon)
Missiles
 b - 5 atropa-tipped darts
 d - 7 datura-tipped darts
 i - 31 poisoned darts
 o - 2 throwing nets
Armour
 a - a +3 buckler of reflection (worn)
Jewellery
 f - a +4 ring of evasion (left tentacle)
 k - a +6 ring of intelligence (right tentacle)
Scrolls
 j - a scroll of teleportation
 l - a scroll of amnesia
Potions
 c - a potion of might {unknown}
 g - a potion of flight
 m - a potion of attraction {unknown}


   Skills:
 * Level 2.1 Fighting
 + Level 4.6 Dodging
 + Level 6.3 Stealth
 - Level 4.0 Shields
 + Level 2.8 Spellcasting
 - Level 3.6 Transmutations
 + Level 6.4 Poison Magic


You had 2 spell levels left.
You knew the following spells:

 Your Spells              Type           Power      Damage    Failure   Level
a - Sting                 Tmut/Pois      100%       1d8       1%          1
b - Poisonous Vapours     Pois/Air       38%        N/A       4%          2
c - Ignite Poison         Fire/Tmut/Pois 20%        N/A       8%          3
d - Beastly Appendage     Tmut           42%        N/A       2%          1
e - Mephitic Cloud        Conj/Pois/Air  14%        N/A       13%         3

Your spell library contained the following spells:

 Spells                   Type           Power      Damage    Failure   Level
 Wereblood                Tmut           21%        N/A       3%          2
 Animate Skeleton         Necr           6%         N/A       11%         1
 Pain                     Necr           12%        1d4       11%         1
 Spider Form              Tmut/Pois      14%        N/A       3%          3
 Olgreb's Toxic Radiance  Pois           35%        N/A       7%          4
 Confusing Touch          Hex            3%         N/A       30%         3
 Gell's Gravitas          Tloc           1%         N/A       30%         3
 Vampiric Draining        Necr           1%         2d6       30%         3
 Ice Form                 Ice/Tmut       12%        N/A       43%         4
 Petrify                  Tmut/Erth      12%        N/A       43%         4
 Hydra Form               Tmut           10%        N/A       54%         5
 Animate Dead             Necr           1%         N/A       71%         4
 Yara's Violent Unravell  Hex/Tmut       6%         3d5       80%         5
 Agony                    Necr           3%         N/A       96%         5
 Metabolic Englaciation   Hex/Ice        1%         N/A       96%         5


Dungeon Overview and Level Annotations

Branches:
Dungeon (7/15)             Temple (0/1) D:4

Altars:
Gozag
Nemelex Xobeh
Okawaru
Trog
Vehumet

Shops:
D:5 !   D:6 =

Annotations:
D:4 Menkaure
D:6 Edmund
D:7 Joseph


Innate Abilities, Weirdness & Mutations

One of your tentacles has grown a beastly spike.
You cannot wear most types of armour.
You are amphibious.
You can wear up to eight rings at the same time.
Your skin changes colour to match your surroundings (Stealth+).
Your rubbery body absorbs attacks. (AC +1, EV +1)
((You are camouflaged near water. (Stealth+)))
You have tentacles for arms and can constrict up to eight enemies at once.


Message History

The water moccasin poisons you!
You hit the water moccasin.
You pierce the water moccasin.
The water moccasin is moderately wounded.
You constrict the water moccasin.
You feel very sick. The water moccasin closely misses you.
You hit the water moccasin.
The water moccasin is heavily wounded.
You constrict the water moccasin.
You feel very sick. You block the water moccasin's attack.
The water moccasin misses you.
You barely miss the water moccasin.
The water moccasin is heavily wounded.
You constrict the water moccasin.
You feel very sick. You block the water moccasin's attack.
You hit the water moccasin. Your squeeze misses the water moccasin.
The water moccasin is severely wounded.
You constrict the water moccasin.
You feel very sick. The water moccasin bites you!
* * * LOW HITPOINT WARNING * * *
You hit the water moccasin.
The water moccasin is almost dead.
You constrict the water moccasin.
You feel sick. The water moccasin misses you. The water moccasin bites you!
* * * LOW HITPOINT WARNING * * *
You hit the water moccasin but do no damage.
Your tentacle spike misses the water moccasin.
The water moccasin is almost dead.
You constrict the water moccasin.
You kill the water moccasin!
* * * LOW HITPOINT WARNING * * *
You feel sick.
Your Fighting skill increases to level 2!
It was a potion of flight.
You feel very buoyant.
You fly up into the air.
You die...
Your body crumbles into a pile of gold.

#.!.......#
..........#
..>/......#### ../.
#............
....... @.........#
#......h. #....###
#........
####.(.#####........
###.[..##........
####@#.........
#$......$...
###..........
#...#........
#...#.<.##...##
#.###..## ..# $ ..
..... .. $ .
........ ..s....o...


There were no monsters in sight!

Vanquished Creatures
  Eustachio (D:4)
  2 water moccasins
  Duvessa (D:5)
  3 ogres (D:4)
  A phantom (D:5)
  Dowan (D:5)
  A scorpion (D:6)
  A centaur zombie (D:6)
  A bullfrog zombie (D:5)
  2 orc priests
  A bullfrog skeleton (D:5)
  An iguana (D:5)
  An orc wizard (D:5)
  An adder (D:2)
  A white imp (D:5)
  An ufetubus (D:4)
  An adder skeleton (D:4)
  2 dart slugs
  9 orcs
  7 ball pythons
  4 endoplasms
  4 giant cockroaches
  8 goblins
  11 hobgoblins
  13 jackals
  12 kobolds
  2 quokkas
  2 bats (D:1)
  2 frilled lizards (D:1)
  6 rats
103 creatures vanquished.

Notes
Turn   | Place    | Note
-------+----------+-------------------------------------------
     0 | D:1      | spiderkeys the Octopode Venom Mage began the quest for the
                  | Orb.
     0 | D:1      | Reached XP level 1. HP: 11/11 MP: 3/3
   410 | D:1      | Reached XP level 2. HP: 15/17 MP: 0/5
   523 | D:1      | Found a faded altar of an unknown god.
  1237 | D:1      | Reached XP level 3. HP: 13/21 MP: 0/6
  2491 | D:2      | Reached XP level 4. HP: 27/27 MP: 5/7
  3058 | D:2      | Identified a scroll of acquirement
  3058 | D:2      | Acquired a +2 buckler of reflection
  3513 | D:3      | Found a bloodstained altar of Trog.
  3769 | D:3      | Found a radiant altar of Vehumet.
  3961 | D:4      | Noticed an ogre
  3978 | D:4      | Killed an ogre
  3979 | D:4      | Reached skill level 1 in Shields
  3979 | D:4      | Reached XP level 5. HP: 31/31 MP: 3/8
  4029 | D:4      | Noticed an ogre
  4037 | D:4      | Killed an ogre
  4038 | D:4      | Reached skill level 5 in Poison Magic
  4038 | D:4      | Reached XP level 6. HP: 36/36 MP: 4/9
  4359 | D:4      | Noticed Eustachio
  4371 | D:4      | Killed Eustachio
  4521 | D:4      | Found a staircase to the Ecumenical Temple.
  4575 | D:4      | Reached skill level 5 in Stealth
  4575 | D:4      | Reached XP level 7. HP: 15/41 MP: 8/10
  4782 | D:4      | Learned a level 2 spell: Poisonous Vapours
  4786 | D:4      | Learned a level 3 spell: Ignite Poison
  4962 | D:4      | Found an iron altar of Okawaru.
  5125 | D:4      | Noticed Menkaure
  5470 | D:5      | Entered Level 5 of the Dungeon
  5483 | D:5      | Found Aloeck's Distillery.
  5488 | D:5      | Bought a potion of heal wounds for 70 gold pieces
  5488 | D:5      | Bought a potion of curing for 42 gold pieces
  5532 | D:5      | Noticed Duvessa
  5537 | D:5      | Learned a level 1 spell: Beastly Appendage
  5542 | D:5      | Noticed Dowan
  5558 | D:5      | Killed Duvessa
  5681 | D:5      | Killed Dowan
  6104 | D:5      | Learned a level 3 spell: Mephitic Cloud
  6262 | D:5      | Found an opulent altar of Gozag.
  6262 | D:5      | Found a sparkling altar of Nemelex Xobeh.
  6270 | D:5      | Became a worshipper of Gozag Ym Sagoz the Greedy
  6389 | D:5      | Reached XP level 8. HP: 9/46 MP: 11/11
  6978 | D:6      | Found Iggeti's Jewellery Boutique.
  7049 | D:6      | Reached skill level 1 in Fighting
  7545 | D:6      | Noticed Edmund
  7679 | D:7      | Noticed Joseph
  7778 | D:7      | HP: 2/49 [poisoned by a water moccasin]
  7779 | D:7      | Succumbed to a water moccasin's poison

Illustrated notes

Levels and vault maps discovered:
D:1:      dpeg_arrival_shelter, layout_loops_ring, shapermc_ecumenical_altar_gd
D:2:      layout_basic
D:3:      layout_basic, lemuel_doored_altar, trog_hazing_becter
D:4:      layout_gridville, lemuel_tele_altar, minmay_temple_entry_poolview,
          hangedman_decor_lopped, uniq_menkaure, uniq_eustachio
D:5:      layout_basic, grunt_temple_overflow_opulence, serial_shops,
          shop_statue, uniq_duvessa
D:6:      layout_basic, serial_shops, shop, uniq_edmund
D:7:      layout_rooms, general_overflow_altar,
          gammafunk_temple_overflow_statue, serial_shops, shop, uniq_joseph

Skill      XL: |  1  2  3  4  5  6  7  8 |
---------------+-------------------------+-----
Stealth        | 3 4 5 6 |  6.3
Poison Magic   | 4 5 6 |  6.4
Shields        | 1 2 3 4 |  4.0
Transmutations | 2 3 |  3.6
Dodging        | 3 4 |  4.6
Fighting       | 2 |  2.1
Spellcasting   | |  2.8

Action                   |  1- 3 |  4- 6 |  7- 9 || total
-------------------------+-------+-------+-------++-------
Melee: Unarmed           |    48 |       |       ||    48
       Constrict         |    15 |     3 |    12 ||    30
       Tentacles         |     6 |     3 |    20 ||    29
       Dagger            |       |    13 |   105 ||   118
       Kick              |       |       |     7 ||     7
 Cast: Sting             |    65 |    58 |     8 ||   131
       Poisonous Vapours |       |       |    33 ||    33
       Beastly Appendage |       |       |     5 ||     5
       Ignite Poison     |       |       |     1 ||     1
  Use: Scroll            |       |     3 |     8 ||    11
       Potion            |       |       |     6 ||     6
 Stab: Sleeping          |     2 |     2 |     3 ||     7
       Distracted        |       |     1 |       ||     1
Armor: Skin              |     7 |     2 |     6 ||    15
Dodge: Dodged            |    65 |    31 |    68 ||   164
Block: Buckler           |       |     6 |    37 ||    43
       Reflection        |       |       |     2 ||     2

Table legend: (Time is in decaauts)
 A = Elapsed time spent in this place.
 B = Non-inter-level travel time spent in this place.
 C = Inter-level travel time spent in this place.
 D = Time resting spent in this place.
 E = Time spent auto-exploring this place.
 F = Levels seen in this place.
 G = Mean time per level.
                   A        B        C        D        E       F      G
               +--------+--------+--------+--------+--------+-----+--------+
         Total |   7782 |   7577 |    205 |   1127 |   5565 |   7 | 1111.7 |
       Dungeon |   7782 |   7577 |    205 |   1127 |   5565 |   7 | 1111.7 |
               +--------+--------+--------+--------+--------+-----+--------+

Top non-repeatable levels by time:
     D:1: 1896 daAuts
     D:5: 1522 daAuts
     D:4: 1332 daAuts
     D:3: 1185 daAuts
     D:2: 1169 daAuts
     D:6: 454 daAuts
     D:7: 221 daAuts
